Saguenéens vs Diablos
(R1)
Created - March 3, 2020 at 20:40
Goals
|
| Saguenéens |
4 |
3 |
2 |
9 |
| Diablos |
4 |
0 |
1 |
5 |
|
Shots
|
| Saguenéens |
10 |
9 |
7 |
26 |
| Diablos |
13 |
11 |
14 |
38 |
|
1st period
1. Saguenéens , Rhett Rakhshani 10 (Carl Hagelin 27, Aleksander Barkov 34) at 2:44 (PP)
2. Diablos , Jordan Szwarz 28 (Lars Eller 29, Nick Spaling 30) at 5:30 (PP)
3. Saguenéens , Mason Raymond 36 (Alexander Wennberg 35) at 6:39 (PP)
4. Diablos , Nick Spaling 38 (Tyler Pitlick 14, Andrey Pedan 3) at 12:19
5. Saguenéens , Mark Stone 11 (Mason Raymond 32, Alexander Wennberg 36) at 13:16 (PP)
6. Diablos , Jordan Szwarz 29 (Lars Eller 30, Kristers Gudlevskis) at 15:58 (PP)
7. Saguenéens , Mark Stone 12 (Jake McCabe 21, Seth Helgeson 30) at 19:23 (PP)
8. Diablos , Jordan Szwarz 30 (Lars Eller 31, Cameron Gaunce 19) at 19:37
Penalties :
Adrian Kempe (Don) for Tripping (Minor) at 1:09, Mason Raymond (Chi) for Tripping (Minor) at 4:39, Ty Rattie (Don) for Hooking (Minor) at 6:37, Jiri Sekac (Don) for Slashing (Minor) at 13:00, Jake McCabe (Chi) for Holding (Minor) at 15:45, Jordan Szwarz (Don) for Tripping (Minor) at 19:12, Nick Mattson (Chi) for Hooking (Minor) at 19:48
2nd period
9. Saguenéens , Mark Stone 13 (Alexander Wennberg 37, Mason Raymond 33) at 12:03
10. Saguenéens , Mason Raymond 37 (Alexander Wennberg 38, Nick Mattson 21) at 12:52
11. Saguenéens , Carl Hagelin 23 (Aleksander Barkov 35) at 19:22
Penalties :
Tyler Pitlick (Don) for Roughing (Minor) at 4:42, Andrey Pedan (Don) for Roughing (Minor) at 7:36, Jordan Szwarz (Don) for Interference (Minor) at 13:05, Brian Dumoulin (Don) for Goalie Interference (Minor) at 19:55
3rd period
12. Saguenéens , Aleksander Barkov 27 (Rhett Rakhshani 13, Carl Hagelin 28) at 3:32
13. Diablos , Ty Rattie 6 (Philip Larsen 22, Adrian Kempe 21) at 5:01
14. Saguenéens , Tanner Richard 1 (Patrick Sieloff 6) at 16:16
Penalties :
Sergey Tolchinsky (Don) for Roughing (Minor) at 7:24, Patrick Sieloff (Chi) for Goalie Interference (Minor) at 17:01
Goalie Stats
Joe Cannata (Chi), 33 saves from 38 shots - (0.868), W, 21-15-4, 60:00 minutes
Joni Ortio (Don), 8 saves from 11 shots - (0.727), 27:08 minutes
Kristers Gudlevskis (Don), 9 saves from 15 shots - (0.600), L, 18-19-4, 32:52 minutes
Players Stats for Saguenéens
Player Name G A P +/- PIM S H SB GA TA FO MP PP MP PK MP
------------------------------------------------------------------------------------
Adam Erne 0 0 0 -1 0 0 0 0 0 0 0/0 9:21 0:00 0:00
Aleksander Barkov 1 2 3 2 0 1 2 1 0 0 5/11 17:14 5:48 0:00
Alexander Wennberg 0 4 4 1 0 2 0 1 1 0 14/27 18:18 5:02 2:12
Calle Andersson 0 0 0 1 0 0 0 0 0 0 0/0 5:08 0:00 0:33
Carl Hagelin 1 2 3 2 0 5 4 0 0 0 0/0 17:50 5:48 0:36
Craig Cunningham 0 0 0 -1 0 2 2 0 1 1 0/0 10:11 0:00 0:50
Duncan Siemens 0 0 0 1 0 0 0 0 0 0 0/0 10:14 0:20 0:00
Henrik Samuelsson 0 0 0 -1 0 0 0 0 0 0 2/4 4:19 0:44 0:00
Jake McCabe 0 1 1 1 2 0 1 1 1 1 0/0 24:46 6:08 2:52
Julius Honka 0 0 0 1 0 0 0 0 0 0 0/0 11:17 0:00 1:23
Juraj Mikus 0 0 0 -1 0 0 1 0 0 0 2/4 9:21 0:00 0:00
Mark Stone 3 0 3 0 0 5 2 1 0 0 1/4 21:19 6:04 0:36
Mason Raymond 2 2 4 0 2 5 1 0 0 0 5/12 23:35 6:11 2:34
Mattias Janmark 0 0 0 0 0 0 0 0 0 0 0/0 0:32 0:32 0:00
Mike Amadio 0 0 0 0 0 0 0 0 0 0 0/2 2:06 0:00 1:54
Mikhail Grigorenko 0 0 0 0 0 0 0 0 0 0 0/1 1:34 0:00 1:00
Myles Bell 0 0 0 0 0 0 0 0 0 0 0/0 0:00 0:00 0:00
Nick Mattson 0 1 1 -1 2 1 0 4 0 2 0/0 20:32 5:51 1:04
Nick Paul 0 0 0 0 0 0 0 0 0 0 0/0 0:00 0:00 0:00
Nikita Scherbak 0 0 0 1 0 0 0 0 0 0 0/0 6:47 0:00 0:00
Patrick Sieloff 0 1 1 -1 2 1 2 0 0 0 0/0 20:49 5:51 1:07
Rhett Rakhshani 1 1 2 2 0 1 0 1 0 0 0/0 17:14 5:48 0:00
Seth Helgeson 0 1 1 2 0 1 1 2 0 1 0/0 27:57 5:48 3:05
Tanner Richard 1 0 1 1 0 2 1 0 1 0 0/0 6:47 0:00 0:00
Teemu Pulkkinen 0 0 0 1 0 0 1 0 2 0 0/0 7:43 0:00 0:22
Players Stats for Diablos
Player Name G A P +/- PIM S H SB GA TA FO MP PP MP PK MP
------------------------------------------------------------------------------------
Adrian Kempe 0 1 1 1 2 1 0 0 1 0 2/2 6:59 0:00 0:00
Alex Petrovic 0 0 0 -1 0 1 0 1 0 1 0/0 20:33 1:33 5:03
Andrei Mironov 0 0 0 1 0 1 0 0 0 0 0/0 9:22 0:00 0:51
Andrey Pedan 0 1 1 1 2 0 2 0 0 1 0/0 11:01 0:00 1:28
Brian Dumoulin 0 0 0 -1 2 1 0 0 0 1 0/0 25:49 3:29 5:06
Cameron Gaunce 0 1 1 -1 0 3 2 0 1 0 0/0 26:55 3:29 6:20
Charles Hudon 0 0 0 1 0 1 0 0 0 0 0/0 7:00 0:00 0:00
Corey Trivino 0 0 0 -2 0 4 1 0 0 0 4/10 17:16 1:52 3:49
Danton Heinen 0 0 0 0 0 0 0 0 0 0 0/0 0:00 0:00 0:00
David Pastrnak 0 0 0 -1 0 1 1 0 0 0 0/0 9:16 0:00 0:00
Dominic Turgeon 0 0 0 0 0 0 0 0 0 0 0/0 0:00 0:00 0:00
Jack Glover 0 0 0 0 0 0 0 0 0 0 0/0 0:00 0:00 0:00
Jiri Sekac 0 0 0 -2 2 2 2 0 1 0 0/0 15:18 1:52 1:50
Jordan Szwarz 3 0 3 0 4 9 3 0 0 0 0/0 20:05 3:10 3:03
Lars Eller 0 3 3 0 0 5 2 0 1 1 22/32 24:16 3:10 6:20
Matt Lindblad 0 0 0 0 0 0 0 0 0 0 0/1 2:18 0:00 2:09
Nick Spaling 1 1 2 0 0 3 0 0 0 0 6/13 24:16 3:10 6:20
Peter Holland 0 0 0 -1 0 0 1 0 0 0 2/5 10:05 0:00 0:27
Philip Larsen 0 1 1 -1 0 0 2 1 0 1 0/0 20:33 1:33 5:03
Riley Nash 0 0 0 0 0 0 0 0 0 0 0/0 0:00 0:00 0:00
Sergey Tolchinsky 0 0 0 -1 2 0 0 0 0 1 0/0 9:17 0:00 0:00
Stuart Percy 0 0 0 -1 0 0 0 0 0 0 0/0 3:25 0:00 0:00
Ty Rattie 1 0 1 1 2 5 0 0 0 0 0/1 6:59 0:00 0:00
Tyler Lewington 0 0 0 -1 0 0 0 0 0 0 0/0 3:41 0:00 0:07
Tyler Pitlick 0 1 1 -2 2 1 1 0 1 0 0/1 13:28 1:52 0:00
3 Stars
1 - Mark Stone (Chi)
2 - Carl Hagelin (Chi)
3 - Aleksander Barkov (Chi)
Power Play
Saguenéens - 4 on 9 Attempt(s) - 44.44%
Diablos - 2 on 4 Attempt(s) - 50.00%
Penalty Kill
Saguenéens - 2 on 4 Attempt(s) - 50.00%
- Score 0 goal in Penalty Kill
Diablos - 5 on 9 Attempt(s) - 55.56%
- Score 0 goal in Penalty Kill
Team Stat
Saguenéens - Hits : 18 - Faceoff Wins : 29 - Blocked Shots : 11 - Penalty Minutes : 8
Diablos - Hits : 17 - Faceoff Wins : 36 - Blocked Shots : 2 - Penalty Minutes : 18
Official
Referees : Unknown
Linesman : Unknown
Game Notes
Jordan Szwarz has scored a Hat Trick!
Mark Stone has scored a Hat Trick!
Joni Ortio enters game at 12:52 of 2nd period
Alexander Wennberg is injured at 3:48 of 3rd period (Torn Left Knee Ligaments)
Finance
Level 1 -- Attendance: 2000 (100.00%) -- Ticket Income $28,000
Level 2 -- Attendance: 975 (97.50%) -- Ticket Income $4,875
Total Attendance: 2975 (99.17%)
Total Ticket Income: $32,875
Other Income: $1,644
Total Income: $34,519
Saguenéens
5 vs 5 Forward
Center Left Wing Right Wing Time % Phy DF OF
1 Alexander Wennberg Mason Raymond Mark Stone 40 1 2 2
2 Aleksander Barkov Carl Hagelin Rhett Rakhshani 30 1 2 2
3 Juraj Mikus Craig Cunningham Adam Erne 20 1 2 2
4 Tanner Richard Teemu Pulkkinen Nikita Scherbak 10 1 2 2
5 vs 5 Defense
Defense Defense Time % Phy DF OF
1 Seth Helgeson Jake McCabe 40 1 2 2
2 Nick Mattson Patrick Sieloff 30 1 2 2
3 Duncan Siemens Julius Honka 20 1 2 2
4 Calle Andersson Seth Helgeson 10 1 2 2
PowerPlay Forward
Center Left Wing Right Wing Time % Phy DF OF
1 Alexander Wennberg Mason Raymond Mark Stone 60 1 2 2
2 Aleksander Barkov Carl Hagelin Rhett Rakhshani 40 1 2 2
PowerPlay Defense
Defense Defense Time % Phy DF OF
1 Seth Helgeson Jake McCabe 60 1 2 2
2 Nick Mattson Patrick Sieloff 40 1 2 2
Penalty Kill 4 Players Forward
Center Wing Time % Phy DF OF
1 Mason Raymond Alexander Wennberg 60 1 2 2
2 Mark Stone Carl Hagelin 40 1 2 2
Penalty Kill 4 Players Defense
Defense Defense Time % Phy DF OF
1 Seth Helgeson Jake McCabe 60 1 2 2
2 Nick Mattson Patrick Sieloff 40 1 2 2
Penalty Kill - 3 Players Forward
Forward Time % Phy DF OF
1 Mason Raymond 60 1 2 2
2 Alexander Wennberg 40 1 2 2
Penalty Kill - 3 Players Defense
Defense Defense Time % Phy DF OF
1 Seth Helgeson Jake McCabe 60 1 2 2
2 Nick Mattson Patrick Sieloff 40 1 2 2
4 vs 4 Forward
Center Wing Time % Phy DF OF
1 Mason Raymond Alexander Wennberg 60 1 2 2
2 Mark Stone Carl Hagelin 40 1 2 2
4 vs 4 Defense
Defense Defense Time % Phy DF OF
1 Seth Helgeson Jake McCabe 60 1 2 2
2 Nick Mattson Patrick Sieloff 40 1 2 2
Last Minutes Offensive
Center Left Wing Right Wing Defense Defense
Alexander Wennberg Mason Raymond Mark Stone Seth Helgeson Jake McCabe
Last Minutes Defensive
Center Left Wing Right Wing Defense Defense
Alexander Wennberg Mason Raymond Mark Stone Seth Helgeson Jake McCabe
Goaltenders
Starting : Joe Cannata
Backup : Tyler Beskorowany
Extra Forwards
Normal : Henrik Samuelsson, Mattias Janmark, Mike Amadio - PP : Henrik Samuelsson, Mattias Janmark - PK : Mike Amadio
Extra Defensemen
Normal : Duncan Siemens, Julius Honka, Calle Andersson - PP : Duncan Siemens - PK : Julius Honka, Calle Andersson
Penalty Shots
Mason Raymond, Alexander Wennberg, Mark Stone, Carl Hagelin, Aleksander Barkov
Scratches
Dylan Labbe (Healthy), Robert Hagg (Right Eye Injury), Clark Bishop (Healthy), JJ. Piccinich (Healthy), Michael Giugovaz (Healthy)
Diablos
5 vs 5 Forward
Center Left Wing Right Wing Time % Phy DF OF
1 Lars Eller Nick Spaling Jordan Szwarz 40 1 2 2
2 Corey Trivino Jiri Sekac Tyler Pitlick 30 1 2 2
3 Peter Holland Sergey Tolchinsky David Pastrnak 20 1 2 2
4 Adrian Kempe Charles Hudon Ty Rattie 10 1 2 2
5 vs 5 Defense
Defense Defense Time % Phy DF OF
1 Cameron Gaunce Brian Dumoulin 40 1 2 2
2 Philip Larsen Alex Petrovic 30 1 2 2
3 Andrey Pedan Andrei Mironov 20 1 2 2
4 Stuart Percy Tyler Lewington 10 1 2 2
PowerPlay Forward
Center Left Wing Right Wing Time % Phy DF OF
1 Lars Eller Nick Spaling Jordan Szwarz 60 1 2 2
2 Corey Trivino Jiri Sekac Tyler Pitlick 40 1 2 2
PowerPlay Defense
Defense Defense Time % Phy DF OF
1 Cameron Gaunce Brian Dumoulin 60 1 2 2
2 Philip Larsen Alex Petrovic 40 1 2 2
Penalty Kill 4 Players Forward
Center Wing Time % Phy DF OF
1 Nick Spaling Lars Eller 60 1 2 2
2 Jordan Szwarz Corey Trivino 40 1 2 2
Penalty Kill 4 Players Defense
Defense Defense Time % Phy DF OF
1 Cameron Gaunce Brian Dumoulin 60 1 2 2
2 Philip Larsen Alex Petrovic 40 1 2 2
Penalty Kill - 3 Players Forward
Forward Time % Phy DF OF
1 Nick Spaling 60 1 2 2
2 Lars Eller 40 1 2 2
Penalty Kill - 3 Players Defense
Defense Defense Time % Phy DF OF
1 Cameron Gaunce Brian Dumoulin 60 1 2 2
2 Philip Larsen Alex Petrovic 40 1 2 2
4 vs 4 Forward
Center Wing Time % Phy DF OF
1 Nick Spaling Lars Eller 60 1 2 2
2 Jordan Szwarz Corey Trivino 40 1 2 2
4 vs 4 Defense
Defense Defense Time % Phy DF OF
1 Cameron Gaunce Brian Dumoulin 60 1 2 2
2 Philip Larsen Alex Petrovic 40 1 2 2
Last Minutes Offensive
Center Left Wing Right Wing Defense Defense
Lars Eller Nick Spaling Jordan Szwarz Cameron Gaunce Brian Dumoulin
Last Minutes Defensive
Center Left Wing Right Wing Defense Defense
Lars Eller Nick Spaling Jordan Szwarz Cameron Gaunce Brian Dumoulin
Goaltenders
Starting : Kristers Gudlevskis
Backup : Joni Ortio
Extra Forwards
Normal : Danton Heinen, Riley Nash, Matt Lindblad - PP : Danton Heinen, Riley Nash - PK : Matt Lindblad
Extra Defensemen
Normal : Jack Glover, Andrey Pedan, Andrei Mironov - PP : Jack Glover - PK : Andrey Pedan, Andrei Mironov
Penalty Shots
Nick Spaling, Lars Eller, Jordan Szwarz, Corey Trivino, Tyler Pitlick
Scratches
Jamie Devane (Healthy), Tobias Lindberg (Healthy), Anthony Camara (Healthy), Branden Troock (Healthy), Jakub Vrana (Bruised Left Foot Injury)
Ryan MacInnis (Healthy), Matt Tomkins (Healthy)
% Time on Ice - Saguenéens
Lines # - Real PCT - Wanted PCT - Time Play
Normal Forward
1 - 36% - 40% - 15:25
2 - 27% - 30% - 11:26
3 - 22% - 20% - 9:21
4 - 16% - 10% - 6:47
Normal Defense
1 - 36% - 40% - 15:38
2 - 32% - 30% - 13:38
3 - 23% - 20% - 9:54
4 - 9% - 10% - 3:49
PP Forward
1 - 52% - 60% - 6:11
2 - 48% - 40% - 5:48
PP Defense
1 - 51% - 60% - 6:08
2 - 49% - 40% - 5:51
PK Forward
1 - 88% - 60% - 4:26
2 - 12% - 40% - 0:36
PK Defense
1 - 61% - 60% - 3:05
2 - 39% - 40% - 1:57
PK3 Forward
1 - 0% - 60%
2 - 0% - 40%
PK3 Defense
1 - 0% - 60%
2 - 0% - 40%
44 Forward
1 - 0% - 60%
2 - 0% - 40%
44 Defense
1 - 0% - 60%
2 - 0% - 40%
Last Minute Offensive - 0:00
Last Minute Defensive - 0:00
Total
Forward - 60:00
Defense - 60:00
|
% Time on Ice - Diablos
Lines # - Real PCT - Wanted PCT - Time Play
Normal Forward
1 - 35% - 40% - 15:08
2 - 27% - 30% - 11:35
3 - 22% - 20% - 9:16
4 - 16% - 10% - 7:00
Normal Defense
1 - 40% - 40% - 17:17
2 - 32% - 30% - 13:57
3 - 19% - 20% - 8:20
4 - 8% - 10% - 3:25
PP Forward
1 - 63% - 60% - 3:10
2 - 37% - 40% - 1:52
PP Defense
1 - 69% - 60% - 3:29
2 - 31% - 40% - 1:33
PK Forward
1 - 68% - 60% - 8:10
2 - 32% - 40% - 3:49
PK Defense
1 - 58% - 60% - 6:56
2 - 42% - 40% - 5:03
PK3 Forward
1 - 0% - 60%
2 - 0% - 40%
PK3 Defense
1 - 0% - 60%
2 - 0% - 40%
44 Forward
1 - 0% - 60%
2 - 0% - 40%
44 Defense
1 - 0% - 60%
2 - 0% - 40%
Last Minute Offensive - 0:00
Last Minute Defensive - 0:00
Total
Forward - 60:00
Defense - 60:00
|
Play-by-Play
1st period
0:01 of 1st period - Lars Eller wins face-off versus Alexander Wennberg in neutral zone.
1:09 of 1st period - Minor Penalty to Adrian Kempe for Tripping.
1:10 of 1st period - Nick Spaling wins face-off versus Alexander Wennberg in Diablos zone.
1:52 of 1st period - Lars Eller is hit by Carl Hagelin and loses puck.
2:16 of 1st period - Snap shot by Carl Hagelin.
2:16 of 1st period - Stopped by Kristers Gudlevskis with a rebound.
2:42 of 1st period - Wrist shot by Carl Hagelin.
2:42 of 1st period - Shot Misses the Net.
2:44 of 1st period - Wrist shot by Rhett Rakhshani.
2:44 of 1st period - Goal by Rhett Rakhshani - Saguenéens : 1 - Diablos : 0.
2:45 of 1st period - Lars Eller wins face-off versus Alexander Wennberg in neutral zone.
2:48 of 1st period - Mason Raymond is hit by Andrey Pedan.
2:54 of 1st period - Snap shot by Mark Stone.
2:54 of 1st period - Shot Misses the Net.
2:56 of 1st period - Wrist shot by Mark Stone.
2:56 of 1st period - Shot Misses the Net.
3:10 of 1st period - Andrei Mironov is hit by Juraj Mikus and loses puck.
3:19 of 1st period - Snap shot by Corey Trivino.
3:19 of 1st period - Stopped by Joe Cannata with a rebound.
4:26 of 1st period - Wrist shot by Corey Trivino.
4:26 of 1st period - Stopped by Joe Cannata without a rebound.
4:27 of 1st period - Alexander Wennberg wins face-off versus Corey Trivino in Saguenéens zone.
4:39 of 1st period - Minor Penalty to Mason Raymond for Tripping.
4:40 of 1st period - Lars Eller wins face-off versus Mike Amadio in Saguenéens zone.
5:18 of 1st period - Backhand shot by Tyler Pitlick.
5:18 of 1st period - Deflect By Corey Trivino.
5:18 of 1st period - Shot Misses the Net.
5:18 of 1st period - Puck is out of play.
5:19 of 1st period - Lars Eller wins face-off versus Mikhail Grigorenko in Saguenéens zone.
5:24 of 1st period - Snap shot by Jordan Szwarz.
5:24 of 1st period - Deflect By Nick Spaling.
5:24 of 1st period - Shot Misses the Net.
5:24 of 1st period - Puck is out of play.
5:25 of 1st period - Lars Eller wins face-off versus Mike Amadio in Saguenéens zone.
5:28 of 1st period - Wrist shot by Nick Spaling.
5:28 of 1st period - Shot Misses the Net.
5:30 of 1st period - Snap shot by Lars Eller.
5:30 of 1st period - Deflect By Jordan Szwarz.
5:30 of 1st period - Goal by Jordan Szwarz - Saguenéens : 1 - Diablos : 1.
5:31 of 1st period - Lars Eller wins face-off versus Aleksander Barkov in neutral zone.
5:34 of 1st period - Aleksander Barkov is hit by Philip Larsen and loses puck.
6:19 of 1st period - Alex Petrovic is hit by Jake McCabe and loses puck.
6:28 of 1st period - Alex Petrovic is hit by Craig Cunningham.
6:37 of 1st period - Minor Penalty to Ty Rattie for Hooking.
6:38 of 1st period - Alexander Wennberg wins face-off versus Nick Spaling in Diablos zone.
6:39 of 1st period - Snap shot by Mason Raymond.
6:39 of 1st period - Goal by Mason Raymond - Saguenéens : 2 - Diablos : 1.
6:40 of 1st period - Lars Eller wins face-off versus Alexander Wennberg in neutral zone.
7:12 of 1st period - Wrist shot by Carl Hagelin.
7:12 of 1st period - Stopped by Kristers Gudlevskis without a rebound.
7:13 of 1st period - Corey Trivino wins face-off versus Aleksander Barkov in Diablos zone.
7:47 of 1st period - Slapshot by Tyler Pitlick.
7:47 of 1st period - Deflect By Corey Trivino.
7:47 of 1st period - Stopped by Joe Cannata without a rebound.
7:48 of 1st period - Lars Eller wins face-off versus Alexander Wennberg in Saguenéens zone.
8:17 of 1st period - Seth Helgeson is hit by Peter Holland and loses puck.
8:35 of 1st period - Icing by Craig Cunningham.
8:36 of 1st period - Adrian Kempe wins face-off versus Aleksander Barkov in Saguenéens zone.
8:49 of 1st period - Wrist shot by Carl Hagelin.
8:49 of 1st period - Stopped by Kristers Gudlevskis without a rebound.
8:50 of 1st period - Alexander Wennberg wins face-off versus Lars Eller in Diablos zone.
9:19 of 1st period - Snap shot by Jiri Sekac.
9:19 of 1st period - Stopped by Joe Cannata with a rebound.
9:21 of 1st period - Wrist shot by Corey Trivino.
9:21 of 1st period - Shot Misses the Net.
9:23 of 1st period - Snap shot by Corey Trivino.
9:23 of 1st period - Shot Blocked by Nick Mattson.
11:24 of 1st period - Snap shot by Ty Rattie.
11:24 of 1st period - Stopped by Joe Cannata with a rebound.
12:00 of 1st period - Mason Raymond is hit by Jiri Sekac and loses puck.
12:19 of 1st period - Slapshot by Nick Spaling.
12:19 of 1st period - Goal by Nick Spaling - Saguenéens : 2 - Diablos : 2.
12:20 of 1st period - Mark Stone wins face-off versus Lars Eller in neutral zone.
12:46 of 1st period - Aleksander Barkov is hit by Corey Trivino and loses puck.
13:00 of 1st period - Minor Penalty to Jiri Sekac for Slashing.
13:01 of 1st period - Nick Spaling wins face-off versus Alexander Wennberg in Diablos zone.
13:14 of 1st period - Snap shot by Mason Raymond.
13:14 of 1st period - Deflect By Mark Stone.
13:14 of 1st period - Stopped by Kristers Gudlevskis with a rebound.
13:16 of 1st period - Snap shot by Mark Stone.
13:16 of 1st period - Goal by Mark Stone - Saguenéens : 3 - Diablos : 2.
13:17 of 1st period - Lars Eller wins face-off versus Alexander Wennberg in neutral zone.
13:20 of 1st period - Mason Raymond is hit by Lars Eller and loses puck.
14:43 of 1st period - Mark Stone is hit by Lars Eller and loses puck.
15:24 of 1st period - Wrist shot by Nick Spaling.
15:24 of 1st period - Shot Misses the Net.
15:26 of 1st period - Snap shot by Jordan Szwarz.
15:26 of 1st period - Shot Misses the Net.
15:28 of 1st period - Snap shot by Jordan Szwarz.
15:28 of 1st period - Stopped by Joe Cannata with a rebound.
15:30 of 1st period - Snap shot by Lars Eller.
15:30 of 1st period - Stopped by Joe Cannata without a rebound.
15:31 of 1st period - Alexander Wennberg wins face-off versus Corey Trivino in Saguenéens zone.
15:38 of 1st period - Wrist shot by Tyler Pitlick.
15:38 of 1st period - Shot Blocked by Nick Mattson.
15:40 of 1st period - Slapshot by Cameron Gaunce.
15:40 of 1st period - Shot Misses the Net.
15:42 of 1st period - Snap shot by Corey Trivino.
15:42 of 1st period - Deflect By Jiri Sekac.
15:42 of 1st period - Shot Blocked by Nick Mattson.
15:42 of 1st period - Puck is out of play.
15:43 of 1st period - Alexander Wennberg wins face-off versus Peter Holland in Saguenéens zone.
15:45 of 1st period - Minor Penalty to Jake McCabe for Holding.
15:46 of 1st period - Lars Eller wins face-off versus Mason Raymond in Saguenéens zone.
15:58 of 1st period - Snap shot by Jordan Szwarz.
15:58 of 1st period - Goal by Jordan Szwarz - Saguenéens : 3 - Diablos : 3.
15:59 of 1st period - Lars Eller wins face-off versus Mason Raymond in neutral zone.
16:25 of 1st period - Icing by Lars Eller.
16:26 of 1st period - Lars Eller wins face-off versus Juraj Mikus in Diablos zone.
16:59 of 1st period - Wrist shot by Alexander Wennberg.
16:59 of 1st period - Shot Misses the Net.
17:11 of 1st period - Backhand shot by Cameron Gaunce.
17:11 of 1st period - Shot Blocked by Seth Helgeson.
17:17 of 1st period - Slapshot by Aleksander Barkov.
17:17 of 1st period - Shot Misses the Net.
17:19 of 1st period - Slapshot by Jake McCabe.
17:19 of 1st period - Shot Misses the Net.
18:16 of 1st period - Wrist shot by Jordan Szwarz.
18:16 of 1st period - Stopped by Joe Cannata without a rebound.
18:17 of 1st period - Alexander Wennberg wins face-off versus Nick Spaling in Saguenéens zone.
18:43 of 1st period - Slapshot by Tyler Pitlick.
18:43 of 1st period - Stopped by Joe Cannata without a rebound.
18:44 of 1st period - Aleksander Barkov wins face-off versus Tyler Pitlick in Saguenéens zone.
18:49 of 1st period - Tyler Pitlick is hit by Carl Hagelin.
18:50 of 1st period - Icing by Tyler Pitlick.
18:51 of 1st period - Alexander Wennberg wins face-off versus Corey Trivino in Diablos zone.
18:52 of 1st period - Snap shot by Mason Raymond.
18:52 of 1st period - Shot Misses the Net.
18:54 of 1st period - Slapshot by Mason Raymond.
18:54 of 1st period - Stopped by Kristers Gudlevskis without a rebound.
18:55 of 1st period - Lars Eller wins face-off versus Mark Stone in Diablos zone.
18:55 of 1st period - Lars Eller is hit by Seth Helgeson.
19:12 of 1st period - Minor Penalty to Jordan Szwarz for Tripping.
19:13 of 1st period - Nick Spaling wins face-off versus Mark Stone in Diablos zone.
19:23 of 1st period - Slapshot by Jake McCabe.
19:23 of 1st period - Deflect By Mark Stone.
19:23 of 1st period - Goal by Mark Stone - Saguenéens : 4 - Diablos : 3.
19:24 of 1st period - Alexander Wennberg wins face-off versus Lars Eller in neutral zone.
19:27 of 1st period - Slapshot by Seth Helgeson.
19:27 of 1st period - Stopped by Kristers Gudlevskis with a rebound.
19:37 of 1st period - Slapshot by Jordan Szwarz.
19:37 of 1st period - Goal by Jordan Szwarz - Saguenéens : 4 - Diablos : 4.
19:38 of 1st period - Lars Eller wins face-off versus Alexander Wennberg in neutral zone.
19:48 of 1st period - Minor Penalty to Nick Mattson for Hooking.
19:49 of 1st period - Mason Raymond wins face-off versus Lars Eller in Saguenéens zone.
Goals for this period are 4 for Saguenéens vs 4 for Diablos .
Shots for this period are 10 for Saguenéens vs 13 for Diablos .
2nd period
0:01 of 2nd period - Lars Eller wins face-off versus Mason Raymond in neutral zone.
0:46 of 2nd period - Seth Helgeson is hit by Jordan Szwarz and loses puck.
1:48 of 2nd period - Penalty to Nick Mattson is over, Nick Mattson is back on ice.
1:59 of 2nd period - Backhand shot by David Pastrnak.
1:59 of 2nd period - Stopped by Joe Cannata without a rebound.
2:00 of 2nd period - Peter Holland wins face-off versus Aleksander Barkov in Saguenéens zone.
2:25 of 2nd period - Duncan Siemens is hit by Andrey Pedan and loses puck.
3:19 of 2nd period - Carl Hagelin is hit by Tyler Pitlick and loses puck.
4:16 of 2nd period - Patrick Sieloff is hit by Cameron Gaunce and loses puck.
4:42 of 2nd period - Minor Penalty to Tyler Pitlick for Roughing.
4:43 of 2nd period - Nick Spaling wins face-off versus Alexander Wennberg in Diablos zone.
5:18 of 2nd period - Philip Larsen is hit by Carl Hagelin and loses puck.
6:42 of 2nd period - Penalty to Tyler Pitlick is over, Tyler Pitlick is back on ice.
7:03 of 2nd period - Off-side.
7:04 of 2nd period - Juraj Mikus wins face-off versus Ty Rattie in neutral zone.
7:29 of 2nd period - Snap shot by Lars Eller.
7:29 of 2nd period - Stopped by Joe Cannata without a rebound.
7:30 of 2nd period - Mason Raymond wins face-off versus Lars Eller in Saguenéens zone.
7:36 of 2nd period - Minor Penalty to Andrey Pedan for Roughing.
7:37 of 2nd period - Nick Spaling wins face-off versus Alexander Wennberg in Diablos zone.
7:37 of 2nd period - Nick Spaling is hit by Mark Stone.
8:38 of 2nd period - Wrist shot by Jiri Sekac.
8:38 of 2nd period - Stopped by Joe Cannata without a rebound.
8:39 of 2nd period - Aleksander Barkov wins face-off versus Matt Lindblad in Saguenéens zone.
8:58 of 2nd period - Brian Dumoulin is hit by Mason Raymond and loses puck.
9:36 of 2nd period - Penalty to Andrey Pedan is over, Andrey Pedan is back on ice.
9:37 of 2nd period - Alex Petrovic is hit by Aleksander Barkov and loses puck.
9:52 of 2nd period - Snap shot by Lars Eller.
9:52 of 2nd period - Stopped by Joe Cannata with a rebound.
10:43 of 2nd period - Snap shot by Nick Spaling.
10:43 of 2nd period - Shot Misses the Net.
10:45 of 2nd period - Wrist shot by Lars Eller.
10:45 of 2nd period - Shot Misses the Net.
10:47 of 2nd period - Slapshot by Nick Spaling.
10:47 of 2nd period - Stopped by Joe Cannata without a rebound.
10:48 of 2nd period - Alexander Wennberg wins face-off versus Corey Trivino in Saguenéens zone.
11:03 of 2nd period - Snap shot by Mark Stone.
11:03 of 2nd period - Shot Misses the Net.
11:59 of 2nd period - Snap shot by Mason Raymond.
11:59 of 2nd period - Stopped by Kristers Gudlevskis with a rebound.
12:01 of 2nd period - Slapshot by Alexander Wennberg.
12:01 of 2nd period - Stopped by Kristers Gudlevskis with a rebound.
12:03 of 2nd period - Wrist shot by Mark Stone.
12:03 of 2nd period - Goal by Mark Stone - Saguenéens : 5 - Diablos : 4.
12:04 of 2nd period - Corey Trivino wins face-off versus Alexander Wennberg in neutral zone.
12:36 of 2nd period - Snap shot by Ty Rattie.
12:36 of 2nd period - Stopped by Joe Cannata with a rebound.
12:46 of 2nd period - Slapshot by Patrick Sieloff.
12:46 of 2nd period - Shot Misses the Net.
12:48 of 2nd period - Slapshot by Patrick Sieloff.
12:48 of 2nd period - Stopped by Kristers Gudlevskis with a rebound.
12:50 of 2nd period - Slapshot by Nick Mattson.
12:50 of 2nd period - Shot Blocked by Alex Petrovic.
12:52 of 2nd period - Wrist shot by Alexander Wennberg.
12:52 of 2nd period - Deflect By Mason Raymond.
12:52 of 2nd period - Goal by Mason Raymond - Saguenéens : 6 - Diablos : 4.
12:52 of 2nd period - Joni Ortio enters game.
12:53 of 2nd period - Aleksander Barkov wins face-off versus Lars Eller in neutral zone.
13:05 of 2nd period - Minor Penalty to Jordan Szwarz for Interference.
13:06 of 2nd period - Mason Raymond wins face-off versus Nick Spaling in Diablos zone.
15:05 of 2nd period - Penalty to Jordan Szwarz is over, Jordan Szwarz is back on ice.
15:19 of 2nd period - Slapshot by Ty Rattie.
15:19 of 2nd period - Shot Misses the Net.
15:21 of 2nd period - Wrist shot by Alex Petrovic.
15:21 of 2nd period - Shot Misses the Net.
15:23 of 2nd period - Backhand shot by Ty Rattie.
15:23 of 2nd period - Shot Misses the Net.
15:25 of 2nd period - Wrist shot by Charles Hudon.
15:25 of 2nd period - Stopped by Joe Cannata without a rebound.
15:26 of 2nd period - Juraj Mikus wins face-off versus Peter Holland in Saguenéens zone.
16:09 of 2nd period - Peter Holland is hit by Teemu Pulkkinen and loses puck.
16:20 of 2nd period - Snap shot by Jordan Szwarz.
16:20 of 2nd period - Stopped by Joe Cannata without a rebound.
16:21 of 2nd period - Lars Eller wins face-off versus Mason Raymond in Saguenéens zone.
17:35 of 2nd period - Charles Hudon is hit by Patrick Sieloff and loses puck.
17:54 of 2nd period - Tanner Richard is hit by Philip Larsen and loses puck.
18:17 of 2nd period - Snap shot by Lars Eller.
18:17 of 2nd period - Stopped by Joe Cannata without a rebound.
18:18 of 2nd period - Alexander Wennberg wins face-off versus Lars Eller in Saguenéens zone.
18:25 of 2nd period - Snap shot by Mason Raymond.
18:25 of 2nd period - Stopped by Joni Ortio without a rebound.
18:26 of 2nd period - Lars Eller wins face-off versus Mark Stone in Diablos zone.
19:00 of 2nd period - Snap shot by Craig Cunningham.
19:00 of 2nd period - Stopped by Joni Ortio without a rebound.
19:01 of 2nd period - Corey Trivino wins face-off versus Alexander Wennberg in Diablos zone.
19:14 of 2nd period - Snap shot by Corey Trivino.
19:14 of 2nd period - Stopped by Joe Cannata without a rebound.
19:15 of 2nd period - Aleksander Barkov wins face-off versus Corey Trivino in Saguenéens zone.
19:20 of 2nd period - Slapshot by Jake McCabe.
19:20 of 2nd period - Deflect By Carl Hagelin.
19:20 of 2nd period - Shot Misses the Net.
19:20 of 2nd period - Puck is out of play.
19:21 of 2nd period - Aleksander Barkov wins face-off versus Corey Trivino in Diablos zone.
19:22 of 2nd period - Slapshot by Carl Hagelin.
19:22 of 2nd period - Goal by Carl Hagelin - Saguenéens : 7 - Diablos : 4.
19:23 of 2nd period - Lars Eller wins face-off versus Mason Raymond in neutral zone.
19:26 of 2nd period - Slapshot by Cameron Gaunce.
19:26 of 2nd period - Stopped by Joe Cannata with a rebound.
19:53 of 2nd period - Snap shot by Seth Helgeson.
19:53 of 2nd period - Shot Misses the Net.
19:55 of 2nd period - Minor Penalty to Brian Dumoulin for Goalie Interference.
19:56 of 2nd period - Alexander Wennberg wins face-off versus Nick Spaling in Diablos zone.
19:57 of 2nd period - Snap shot by Mark Stone.
19:57 of 2nd period - Stopped by Joni Ortio without a rebound.
19:58 of 2nd period - Alexander Wennberg wins face-off versus Nick Spaling in Diablos zone.
Goals for this period are 3 for Saguenéens vs 0 for Diablos .
Shots for this period are 9 for Saguenéens vs 11 for Diablos .
3rd period
0:01 of 3rd period - Alexander Wennberg wins face-off versus Nick Spaling in neutral zone.
0:06 of 3rd period - Wrist shot by Alexander Wennberg.
0:06 of 3rd period - Stopped by Joni Ortio with a rebound.
1:40 of 3rd period - Nick Mattson is hit by Cameron Gaunce and loses puck.
1:55 of 3rd period - Penalty to Brian Dumoulin is over, Brian Dumoulin is back on ice.
2:06 of 3rd period - Off-side.
2:07 of 3rd period - Peter Holland wins face-off versus Juraj Mikus in neutral zone.
2:53 of 3rd period - Wrist shot by Alex Petrovic.
2:53 of 3rd period - Shot Misses the Net.
2:55 of 3rd period - Snap shot by Jordan Szwarz.
2:55 of 3rd period - Stopped by Joe Cannata with a rebound.
2:57 of 3rd period - Slapshot by Cameron Gaunce.
2:57 of 3rd period - Deflect By Jordan Szwarz.
2:57 of 3rd period - Shot Misses the Net.
2:57 of 3rd period - Puck is out of play.
2:58 of 3rd period - Alexander Wennberg wins face-off versus Peter Holland in Saguenéens zone.
2:58 of 3rd period - Alexander Wennberg is hit by David Pastrnak.
3:28 of 3rd period - Wrist shot by Carl Hagelin.
3:28 of 3rd period - Stopped by Joni Ortio with a rebound.
3:30 of 3rd period - Snap shot by Rhett Rakhshani.
3:30 of 3rd period - Shot Misses the Net.
3:32 of 3rd period - Slapshot by Aleksander Barkov.
3:32 of 3rd period - Goal by Aleksander Barkov - Saguenéens : 8 - Diablos : 4.
3:33 of 3rd period - Lars Eller wins face-off versus Alexander Wennberg in neutral zone.
3:44 of 3rd period - Snap shot by Jordan Szwarz.
3:44 of 3rd period - Shot Blocked by Seth Helgeson.
3:46 of 3rd period - Slapshot by Cameron Gaunce.
3:46 of 3rd period - Stopped by Joe Cannata with a rebound.
3:48 of 3rd period - Snap shot by Jordan Szwarz.
3:48 of 3rd period - Shot Blocked by Alexander Wennberg.
3:48 of 3rd period - Alexander Wennberg from Saguenéens is injured at 3:48 of 3rd period (Torn Left Knee Ligaments).
3:49 of 3rd period - Lars Eller wins face-off versus Henrik Samuelsson in Saguenéens zone.
3:54 of 3rd period - Slapshot by Lars Eller.
3:54 of 3rd period - Shot Misses the Net.
4:00 of 3rd period - Wrist shot by Jordan Szwarz.
4:00 of 3rd period - Stopped by Joe Cannata without a rebound.
4:01 of 3rd period - Henrik Samuelsson wins face-off versus Lars Eller in Saguenéens zone.
4:12 of 3rd period - Wrist shot by Mark Stone.
4:12 of 3rd period - Shot Misses the Net.
4:59 of 3rd period - Slapshot by Philip Larsen.
4:59 of 3rd period - Shot Misses the Net.
5:01 of 3rd period - Snap shot by Ty Rattie.
5:01 of 3rd period - Goal by Ty Rattie - Saguenéens : 8 - Diablos : 5.
5:02 of 3rd period - Nick Spaling wins face-off versus Aleksander Barkov in neutral zone.
5:27 of 3rd period - Corey Trivino is hit by Craig Cunningham.
6:30 of 3rd period - Snap shot by Jordan Szwarz.
6:30 of 3rd period - Shot Blocked by Rhett Rakhshani.
6:32 of 3rd period - Snap shot by Alex Petrovic.
6:32 of 3rd period - Stopped by Joe Cannata with a rebound.
7:08 of 3rd period - Snap shot by Tanner Richard.
7:08 of 3rd period - Shot Blocked by Philip Larsen.
7:24 of 3rd period - Minor Penalty to Sergey Tolchinsky for Roughing.
7:25 of 3rd period - Henrik Samuelsson wins face-off versus Nick Spaling in Diablos zone.
7:40 of 3rd period - Snap shot by Mark Stone.
7:40 of 3rd period - Shot Misses the Net.
7:58 of 3rd period - Cameron Gaunce is hit by Aleksander Barkov and loses puck.
8:57 of 3rd period - Slapshot by Andrei Mironov.
8:57 of 3rd period - Stopped by Joe Cannata with a rebound.
9:24 of 3rd period - Penalty to Sergey Tolchinsky is over, Sergey Tolchinsky is back on ice.
10:30 of 3rd period - Wrist shot by Adrian Kempe.
10:30 of 3rd period - Stopped by Joe Cannata with a rebound.
10:42 of 3rd period - Wrist shot by Jordan Szwarz.
10:42 of 3rd period - Stopped by Joe Cannata with a rebound.
11:26 of 3rd period - Slapshot by Ty Rattie.
11:26 of 3rd period - Shot Hit the Post.
11:28 of 3rd period - Snap shot by Charles Hudon.
11:28 of 3rd period - Shot Misses the Net.
11:30 of 3rd period - Snap shot by Andrey Pedan.
11:30 of 3rd period - Shot Blocked by Mark Stone.
11:40 of 3rd period - Adam Erne is hit by Jordan Szwarz and loses puck.
12:13 of 3rd period - Snap shot by Ty Rattie.
12:13 of 3rd period - Shot Misses the Net.
13:25 of 3rd period - Slapshot by Tanner Richard.
13:25 of 3rd period - Shot Misses the Net.
13:27 of 3rd period - Snap shot by Tanner Richard.
13:27 of 3rd period - Shot Misses the Net.
13:39 of 3rd period - Slapshot by Ty Rattie.
13:39 of 3rd period - Stopped by Joe Cannata with a rebound.
13:57 of 3rd period - Andrey Pedan is hit by Carl Hagelin and loses puck.
14:18 of 3rd period - Slapshot by Craig Cunningham.
14:18 of 3rd period - Stopped by Joni Ortio without a rebound.
14:19 of 3rd period - Mason Raymond wins face-off versus Lars Eller in Diablos zone.
14:28 of 3rd period - Snap shot by Lars Eller.
14:28 of 3rd period - Stopped by Joe Cannata with a rebound.
14:34 of 3rd period - Lars Eller is hit by Mark Stone and loses puck.
15:02 of 3rd period - Brian Dumoulin is hit by Patrick Sieloff and loses puck.
15:17 of 3rd period - Snap shot by Corey Trivino.
15:17 of 3rd period - Shot Hit the Post.
15:19 of 3rd period - Wrist shot by Tyler Pitlick.
15:19 of 3rd period - Shot Misses the Net.
15:35 of 3rd period - Slapshot by Cameron Gaunce.
15:35 of 3rd period - Shot Blocked by Aleksander Barkov.
15:37 of 3rd period - Slapshot by Brian Dumoulin.
15:37 of 3rd period - Stopped by Joe Cannata with a rebound.
15:39 of 3rd period - Wrist shot by Cameron Gaunce.
15:39 of 3rd period - Stopped by Joe Cannata without a rebound.
15:40 of 3rd period - Lars Eller wins face-off versus Henrik Samuelsson in Saguenéens zone.
16:05 of 3rd period - Lars Eller is hit by Tanner Richard and loses puck.
16:14 of 3rd period - Snap shot by Tanner Richard.
16:14 of 3rd period - Stopped by Joni Ortio with a rebound.
16:16 of 3rd period - Snap shot by Tanner Richard.
16:16 of 3rd period - Goal by Tanner Richard - Saguenéens : 9 - Diablos : 5.
16:17 of 3rd period - Corey Trivino wins face-off versus Mason Raymond in neutral zone.
16:43 of 3rd period - Carl Hagelin is hit by Jordan Szwarz and loses puck.
17:01 of 3rd period - Minor Penalty to Patrick Sieloff for Goalie Interference.
17:02 of 3rd period - Mason Raymond wins face-off versus Lars Eller in Saguenéens zone.
17:16 of 3rd period - Snap shot by Lars Eller.
17:16 of 3rd period - Deflect By Nick Spaling.
17:16 of 3rd period - Stopped by Joe Cannata without a rebound.
17:17 of 3rd period - Lars Eller wins face-off versus Mason Raymond in Saguenéens zone.
17:50 of 3rd period - Craig Cunningham is hit by Jiri Sekac and loses puck.
19:01 of 3rd period - Penalty to Patrick Sieloff is over, Patrick Sieloff is back on ice.
19:05 of 3rd period - Snap shot by David Pastrnak.
19:05 of 3rd period - Shot Blocked by Nick Mattson.
19:24 of 3rd period - Slapshot by Nick Mattson.
19:24 of 3rd period - Stopped by Joni Ortio with a rebound.
19:34 of 3rd period - Snap shot by Ty Rattie.
19:34 of 3rd period - Stopped by Joe Cannata without a rebound.
19:35 of 3rd period - Adrian Kempe wins face-off versus Aleksander Barkov in Saguenéens zone.
19:50 of 3rd period - Snap shot by Adrian Kempe.
19:50 of 3rd period - Shot Blocked by Jake McCabe.
Goals for this period are 2 for Saguenéens vs 1 for Diablos .
Shots for this period are 7 for Saguenéens vs 14 for Diablos .
Back to the Top